 Dungeon Sprint DCSS version 0.27-a0-1196-g3e9cee4cb2 (webtiles) character file.

Game seed: 15483187028050459858

1741 Zeld the Cleaver (level 8, -13/109 HPs)
             Began as a Minotaur Berserker on May 27, 2021.
             Was a High Priest of Trog.
             Killed from afar by a deep elf pyromancer (27 damage)
             ... with a bolt of fire
             ... in the Dungeon (Sprint V: "Ziggurat Sprint").
             The game lasted 00:02:07 (933 turns).

Zeld the Cleaver (Minotaur Berserker)                Turns: 933, Time: 00:02:08

Health: -13/109    AC: 24    Str: 36    XL:     8   Next: 77%
Magic:  7/7        EV:  5    Int:  4    God:    Trog [*****.]
Gold:   0          SH: 25    Dex: 10    Spells: 7/7 levels left

rFire    . . .     SeeInvis .   j - +5 broad axe
rCold    . . .     Faith    .   i - +3 tower shield
rNeg     . . .     Spirit   .   h - +9 crystal plate armour
rPois    .         Reflect  .   (helmet restricted)
rElec    .         Harm     .   (no cloak)
rCorr    .         Rampage  .   (no gloves)
Will     .....     NoTele   +   (no boots)
Stlth    ..........             (no amulet)
HPRegen  0.28/turn              u - +6 ring of strength
MPRegen  0.10/turn              v - +6 ring of strength

@: berserking (expiring), very quick
A: horns 2, retaliatory headbutt
a: Renounce Religion, Berserk, Trog's Hand, Brothers in Arms


You were in the Dungeon.
You worshipped Trog.
Trog was extremely pleased with you.
You visited 1 branch

Inventory:

Hand Weapons
 j - a +5 broad axe (weapon)
Armour
 h - a +9 crystal plate armour (worn)
 i - a +3 tower shield (worn)
Jewellery
 u - a +6 ring of strength (left hand)
 v - a +6 ring of strength (right hand)
Wands
 r - a wand of mindburst (7)
 s - a wand of iceblast (7)
 t - a wand of acid (7)
Scrolls
 a - 7 scrolls of fog
 g - 4 scrolls of blinking
 k - 2 scrolls of holy word
 l - 5 scrolls of identify
 m - 2 scrolls of fear
Potions
 b - 10 potions of curing
 c - 10 potions of heal wounds
 d - 6 potions of haste
 e - 7 potions of magic
 f - 3 potions of berserk rage
 n - 2 potions of invisibility
 o - 4 potions of resistance
 q - 5 potions of might
Miscellaneous
 p - a phial of floods
 w - a lightning rod (4/4)
 x - a phantom mirror
 y - a phial of floods
 z - a tin of tremorstones (2/2)
 A - a phantom mirror


   Skills:
 - Level 7.2 Fighting
 * Level 14.7 Axes
 - Level 2.4 Armour
 - Level 6.1 Dodging
 * Level 14.7 Shields
 - Level 3.2 Unarmed Combat


You had 7 spell levels left.
You didn't know any spells.
Your spell library was empty.

Dungeon Overview and Level Annotations

Branches:
Dungeon (1/1)

Altars:
Ashenzari
Cheibriados
Dithmenos
Elyvilon
Fedhas
Gozag
Hepliaklqana
Kikubaaqudgha
Makhleb
Nemelex Xobeh
Okawaru
Qazlal
Ru
Sif Muna
Trog
Uskayaw
Vehumet
Wu Jian
Xom
Yredelemnul
Zin
The Shining One
Beogh
Jiyva
Lugonu

Annotations:
D 1 transporter


Innate Abilities, Weirdness & Mutations

You have a pair of horns on your head.
You reflexively headbutt those who attack you in melee.


Message History

Unknown command.
Unknown command.
You are too injured to fight recklessly!
Unknown command.
You are too injured to fight recklessly!
You are too injured to fight recklessly!
You closely miss the deep elf knight. You miss the +2 halberd of protection.
You slash the fire elemental! You slash the deep elf pyromancer!
You kill the deep elf pyromancer!
Trog accepts your kill.
Trog appreciates your killing of a magic user.
The fire elemental disappears in a puff of smoke! x2
You block the fire elemental's attack. The +2 halberd of protection hits you!!
* * * LOW HITPOINT WARNING * * *
Your Axes skill increases to level 14!
Your Shields skill increases to level 14!
Unknown command.
You closely miss the deep elf knight. You slice the deep elf zephyrmancer!!
You hit the fire elemental.
Your shield and crystal plate armour prevent you from hitting the +2 halberd of protection.
You block the +2 halberd of protection's attack.
The fire elemental hits you. The fire elemental burns you!
* * * LOW HITPOINT WARNING * * *
The deep elf knight gestures at itself while chanting.
The deep elf knight flickers and vanishes!
Deactivating autopickup; reactivate with Ctrl-A.
Unknown command.
You closely miss something.
Your shield and crystal plate armour prevent you from hitting the +2 halberd of protection.
You hit the fire elemental.
You closely miss the deep elf zephyrmancer.
The +2 halberd of protection hits you!
* * * LOW HITPOINT WARNING * * *
The fire elemental hits you. The fire elemental burns you!
* * * LOW HITPOINT WARNING * * *
The deep elf zephyrmancer gestures wildly while chanting.
The deep elf zephyrmancer blinks!
The deep elf pyromancer gestures at you while chanting.
The bolt of fire hits you!!
You die...

▓...©...▓
▓▓▓▓▓▓▓▓▓
▓..8©8..▓
▓..=)"..▓
▓..[}}..▓
▓°.....e▓
▓...e...▓
▓§.E({e.▓
▓..)@§..▓
▓.▓...▓.▓
▓...©...▓
▓▓▓▓▓▓▓▓▓


You could see 2 deep elf pyromancers, a deep elf zephyrmancer, a fire elemental
(summoned) and a +2 halberd of protection.

Vanquished Creatures
  A deep elf pyromancer (D)
  5 air elementals (D)
  A water moccasin (D)
  2 orc warriors (D)
  2 scorpions (D)
  2 orc priests (D)
  3 orc wizards (D)
  An adder (D)
  7 orcs (D)
  A ball python (D)
25 creatures vanquished.

Notes
Turn   | Place    | Note
-------+----------+-------------------------------------------
     0 | D        | Zeld the Minotaur Berserker began the quest for the Orb.
     0 | D        | Reached XP level 1. HP: 19/19 MP: 0/0
     6 | D        | Found a blossoming altar of Fedhas.
     7 | D        | Found the +6 Majin-Bo {vamp, MP+6 Int+6}
     7 | D        | Found the +9 heavy crossbow "Sniper" {vorpal, Acc+∞ SInv}
     7 | D        | Found the +10 dark maul {vorpal}
     7 | D        | Found the +15 Maxwell's patent armour {-Cast -Tele rElec
                  | Will+ rCorr}
     7 | D        | Found the +18 shield of the Gong {rElec rN+ Will+ EV-5}
     7 | D        | Found the +14 obsidian axe {vorpal, Drain Fly SInv}
     7 | D        | Found the +7 great mace "Firestarter" {inner flame, rF++}
     7 | D        | Found the +6 shillelagh "Devastator" {shatter}
     7 | D        | Found the +11 plutonium sword {Contam Stlth-}
     7 | D        | Found the +8 lance "Wyrmbane" {slay drac, rPois rF+ rC+
                  | AC+3}
     7 | D        | Found the +9 sword of Zonguldrok {reap}
     7 | D        | Found the +13 scythe of Curses {drain, Drain}
     7 | D        | Found the +5 sword of Power {vorpal}
     7 | D        | Found the +7 mace of Variability {chain chaos}
     7 | D        | Found the +7 Singing Sword {vorpal, sonic wave}
     7 | D        | Found the +8 storm bow {elec, penet}
     8 | D        | Found a viscous altar of Jiyva.
     8 | D        | Found a hazy altar of Hepliaklqana.
     8 | D        | Found a transporter.
     8 | D        | Found an opulent altar of Gozag.
     8 | D        | Found an ancient bone altar of Kikubaaqudgha.
     8 | D        | Found a corrupted altar of Lugonu.
    30 | D        | Found a burning altar of Makhleb.
    31 | D        | Found a sacrificial altar of Ru.
    31 | D        | Found a shimmering blue altar of Sif Muna.
    31 | D        | Found a stormy altar of Qazlal.
    31 | D        | Found a bloodstained altar of Trog.
    31 | D        | Found an iron altar of Okawaru.
    31 | D        | Found a sparkling altar of Nemelex Xobeh.
    46 | D        | Reached XP level 2. HP: 34/34 MP: 1/1
    59 | D        | Entered arena 2.
    59 | D        | Noticed a scorpion
    59 | D        | Noticed a scorpion
    59 | D        | Found a transporter.
    62 | D        | Killed a scorpion
    62 | D        | Killed a scorpion
    63 | D        | Reached XP level 3. HP: 39/39 MP: 2/2
    63 | D        | Reached XP level 4. HP: 47/47 MP: 3/3
   303 | D        | Entered arena 3.
   303 | D        | Noticed a water moccasin
   303 | D        | Found a transporter.
   306 | D        | Reached ** piety under Trog
   308 | D        | Reached XP level 5. HP: 52/52 MP: 4/4
   317 | D        | Killed a water moccasin
   321 | D        | Got the ring of Penewex {rC+++ rN+ AC+4 Str+5 Int-2}
   326 | D        | Entered arena 4.
   326 | D        | Found a transporter.
   327 | D        | Identified the +5 glaive of the Candelabrum {holy, Fly}
   329 | D        | Reached *** piety under Trog
   332 | D        | Reached XP level 6. HP: 45/60 MP: 5/5
   444 | D        | Entered arena 5.
   444 | D        | Found a transporter.
   448 | D        | Reached **** piety under Trog
   454 | D        | Reached skill level 10 in Axes
   454 | D        | Reached skill level 10 in Shields
   475 | D        | Entered arena 6.
   475 | D        | Noticed an air elemental
   475 | D        | Noticed an air elemental
   475 | D        | Noticed an air elemental
   475 | D        | Noticed an air elemental
   475 | D        | Noticed an air elemental
   475 | D        | Found a transporter.
   480 | D        | Killed an air elemental
   485 | D        | Killed an air elemental
   485 | D        | Reached ***** piety under Trog
   485 | D        | Killed an air elemental
   486 | D        | Reached XP level 7. HP: 7/66 MP: 6/6
   487 | D        | Killed an air elemental
   489 | D        | Killed an air elemental
   490 | D        | Reached XP level 8. HP: 8/73 MP: 7/7
   887 | D        | Entered arena 7.
   888 | D        | Identified the +4 hand crossbow "Trog's Hatred" {elec,
                  | Str+4 Int+3 Dex-4}
   888 | D        | Found a transporter.
   893 | D        | Received a gift from Trog
   922 | D        | Entered arena 8.
   922 | D        | Noticed a deep elf pyromancer
   922 | D        | Noticed a deep elf pyromancer
   922 | D        | Noticed a deep elf knight
   922 | D        | Noticed a deep elf zephyrmancer
   922 | D        | Noticed a deep elf pyromancer
   922 | D        | Noticed a +2 halberd of protection
   923 | D        | Found the macabre finger necklace {rN+}
   924 | D        | Found a transporter.
   931 | D        | Killed a deep elf pyromancer
   933 | D        | Killed from afar by a deep elf pyromancer

Illustrated notes

Levels and vault maps discovered:
D:        sprint_v [room_start, room_1, room_2, room_3, room_4, room_5, room_6,
          room_7, room_8, room_9, room_10, room_11, room_12, room_13, room_14,
          room_15, room_16, room_17, room_18, room_19, room_20, room_21,
          room_22, room_23, room_24, room_25, room_26, room_27]

Skill      XL: |  1  2  3  4  5  6  7  8 |
---------------+-------------------------+-----
Fighting       | 7 |  7.2
Dodging        | 6 |  6.1
Axes           | 6 9 12 13 14 | 14.7
Shields        | 6 9 12 13 14 | 14.7
Armour         | |  2.4
Unarmed Combat | |  3.2

Action                   |  1- 3 |  4- 6 |  7- 9 || total
-------------------------+-------+-------+-------++-------
Melee: Broad axe         |     2 |    33 |    21 ||    56
       Headbutt          |     1 |     4 |     3 ||     8
Invok: Berserk           |     2 |     1 |     1 ||     4
  Use: Potion            |     1 |       |       ||     1
       Scroll            |       |     4 |       ||     4
Armor: Crystal plate arm |     1 |    31 |     9 ||    41
Dodge: Dodged            |       |     6 |     1 ||     7
Block: Tower shield      |     3 |    52 |    23 ||    78

Table legend: (Time is in decaauts)
 A = Elapsed time spent in this place.
 B = Non-inter-level travel time spent in this place.
 C = Inter-level travel time spent in this place.
 D = Time resting spent in this place.
 E = Time spent auto-exploring this place.
 F = Levels seen in this place.
 G = Mean time per level.
                   A        B        C        D        E       F      G
               +--------+--------+--------+--------+--------+-----+--------+
         Total |    973 |    973 |      0 |    743 |      0 |   1 |  973.0 |
       Dungeon |    973 |    973 |      0 |    743 |      0 |   1 |  973.0 |
               +--------+--------+--------+--------+--------+-----+--------+

Top non-repeatable levels by time:
       D: 973 daAuts
